 Dungeon Crawl Stone Soup version 0.30-a0-964-gd452b5e7fa (webtiles) character file.

Game seed: 10247780415471890408

105 BlueFish the Grasshopper (level 4, 0/30 HPs)
             Began as an Octopode Warper on Mar 30, 2023.
             Slain by an ufetubus (4 damage)
             ... on level 4 of the Dungeon.
             The game lasted 00:04:03 (2592 turns).

BlueFish the Grasshopper (Octopode Warper)          Turns: 2592, Time: 00:04:04

Health: 0/30       AC:  1    Str: 10 (12) XL:     4   Next: 81%
Magic:  5/7        EV: 13    Int: 12 (15) God:
Gold:   243        SH:  3    Dex: 10 (11) Spells: 0/7 levels left

rFire   . . .      SeeInvis +    i - +0 whip
rCold   . . .      Faith    .    f - +0 buckler
rNeg    . . .      Spirit   .    (helmet restricted)
rPois   .          Reflect  .    (no amulet)
rElec   .          Rampage  .    g - ring of see invisible
rCorr   .                        (no ring)
Will    .....                    (no ring)
Stlth   +++                      (no ring)
HPRegen 0.25/turn                (no ring)
MPRegen 0.10/turn                (no ring)
                                 (no ring)
                                 (no ring)

@: on blink cooldown, flying
A: almost no armour, amphibious, 8 rings, camouflage 1, gelatinous body 1,
(nimble swimmer 1), tentacles
a: no special abilities


You were on level 4 of the Dungeon.
You visited 1 branch of the dungeon, and saw 4 of its levels.

You collected 243 gold pieces.

Inventory:

Hand Weapons
 i - a +0 whip (weapon)
Missiles
 b - 7 boomerangs of dispersal
 j - 10 poisoned darts
 l - 34 stones (quivered)
Armour
 f - a +0 buckler (worn)
Jewellery
 g - a ring of see invisible (left tentacle)
 q - a +6 ring of intelligence
Scrolls
 a - 2 scrolls of blinking
 d - a scroll of identify {unknown}
 m - 3 scrolls of teleportation {unknown}
 n - a scroll of enchant weapon {unknown}
 o - a scroll of fog {unknown}
 r - a scroll of fear {unknown}
 s - a scroll of noise {unknown}
Potions
 c - a potion of curing {unknown}
 e - a potion of flight
 h - 2 potions of degeneration
 k - 2 potions of attraction {unknown}
 p - a potion of resistance {unknown}
 t - a potion of lignification {unknown}


   Skills:
 + Level 2.4 Fighting
 * Level 1.0 Maces & Flails
 + Level 1.6 Throwing
 + Level 2.8 Dodging
 * Level 2.8 Stealth
 * Level 1.1 Shields
 - Level 2.0 Unarmed Combat
 + Level 2.3 Spellcasting
 + Level 3.2 Translocations


You couldn't memorise any spells.
You knew the following spells:

 Your Spells              Type           Power      Damage    Failure   Level
a - Blink                 Tloc           18%        N/A       14%         2
b - Lesser Beckoning      Tloc           18%        N/A       14%         2
c - Teleport Other        Tloc           9%         N/A       26%         3

Your spell library contained the following spells:

 Spells                   Type           Power      Damage    Failure   Level
 Vhi's Electric Charge    Tloc/Air       10%        N/A       47%         3
 Manifold Assault         Tloc           9%         N/A       65%         4


Dungeon Overview and Level Annotations

Branches:
Dungeon (4/15)
 Temple: D:4-7

Altars:
Dithmenos

Shops:
D:3 [   D:4 [


Innate Abilities, Weirdness & Mutations

You cannot wear most types of armour.
You are amphibious.
You can wear up to eight rings at the same time.
Your skin changes colour to match your surroundings (Stealth+).
Your rubbery body absorbs attacks. (AC +1, EV +1)
((You are camouflaged when in or above water. (Stealth+)))
You have tentacles for arms and can constrict up to eight enemies at once.


Message History

The ufetubus is moderately wounded.
The ufetubus barely misses you. The ufetubus closely misses you.
The ufetubus hits you. x2
You closely miss the ufetubus. Your grab misses the ufetubus.
Your squeeze misses the ufetubus.
The ufetubus is moderately wounded.
The ufetubus barely misses you. The ufetubus completely misses you.
The ufetubus barely misses you. The ufetubus hits you.
You barely miss the ufetubus. Your grab misses the ufetubus.
The ufetubus is moderately wounded.
The ufetubus hits you but does no damage.
The ufetubus closely misses you. The ufetubus hits you.
You block the ufetubus's attack.
You closely miss the ufetubus. Your grab misses the ufetubus.
Your tentacle-slap misses the ufetubus.
The ufetubus is moderately wounded.
The ufetubus hits you.
* * * LOW HITPOINT WARNING * * *
You block the ufetubus's attack.
You hit the ufetubus. You grab the ufetubus.
The ufetubus is severely wounded.
You constrict the ufetubus. The ufetubus closely misses you.
The ufetubus hits you.
* * * LOW HITPOINT WARNING * * *
You block the ufetubus's attack. The ufetubus hits you.
* * * LOW HITPOINT WARNING * * *
Cast which spell? (? or * to list)
You blink.
You lose your grip on the ufetubus.
Found a shadowy altar of Dithmenos.
Throw: 11 darts (poison)
Press: ? - help, Shift-Dir - straight line, f - ufetubus
Aim: an ufetubus (heavily wounded, 35% to hit)
You throw a poisoned dart. The poisoned dart misses the ufetubus.
It was a potion of degeneration.
There was something very wrong with that liquid.
You feel weakened.
You feel dopey.
You feel clumsy.
It was a potion of flight.
You feel very buoyant.
You fly up into the air.
The ufetubus hits you.
You die...

................
......#.......# ....
.....###.....## _...
.....#.....?..##.. .....
#........(........ .....
#....?..........# ....
#..............###..#
.....$.........##..#
...............5@..#
....................#
..#..#........###......#
..#.##....#.### #######
..#.......###


You could see an ufetubus.

Vanquished Creatures
  An adder (D:3)
  A worm (D:2)
  A dart slug (D:1)
  5 orcs (D:3)
  10 endoplasms
  5 giant cockroaches
  7 goblins
  6 hobgoblins
  7 jackals (D:1)
  5 kobolds
  5 quokkas
  5 ball pythons
  4 bats
  6 frilled lizards
  7 rats
75 creatures vanquished.

Notes
Turn   | Place    | Note
-------+----------+-------------------------------------------
     0 | D:1      | BlueFish the Octopode Warper began the quest for the Orb.
     0 | D:1      | Reached XP level 1. HP: 14/14 MP: 3/3
    23 | D:1      | Reached skill level 1 in Stealth
    27 | D:1      | Reached XP level 2. HP: 10/19 MP: 5/5
    30 | D:1      | Learned a level 2 spell: Blink
    33 | D:1      | Learned a level 2 spell: Lesser Beckoning
   289 | D:1      | Reached XP level 3. HP: 24/24 MP: 6/6
   954 | D:2      | Reached XP level 4. HP: 30/30 MP: 7/7
   991 | D:2      | Learned a level 3 spell: Teleport Other
  1293 | D:2      | Identified the +6 dagger "Goblinslayer" {speed, Fly rN+
                  | SInv Stlth-}
  1807 | D:3      | Found a faded altar of an unknown god.
  1856 | D:3      | Found Qido's Antique Armour Shop.
  2354 | D:3      | Reached skill level 1 in Shields
  2485 | D:3      | Reached skill level 1 in Maces & Flails
  2568 | D:4      | Found Lumuihed's Armour Shoppe.
  2589 | D:4      | Found a shadowy altar of Dithmenos.
  2592 | D:4      | Slain by an ufetubus

Illustrated notes

Levels and vault maps discovered:
D:1:      tarquinn_simple_flora_water_a, layout_loops_cross
D:2:      layout_basic
D:3:      layout_basic, serial_shops, shop, nicolae_ecumenical_pavilion,
          minmay_fractal_squares_diagonal_5
D:4:      layout_cave_pools, nicolae_dithmenos_shadow_blocks,
          minmay_overflow_temple_star_quad, minmay_temple_entry_purple_smoke,
          serial_shops, kennysheep_little_box, nicolae_shop_stone,
          nicolae_shop_crystal, shop

Skill      XL: |  1  2  3  4 |
---------------+-------------+-----
Stealth        | 1 2 |  2.8
Shields        | 1 |  1.1
Maces & Flails | 1 |  1.0
Fighting       | |  2.4
Throwing       | |  1.6
Dodging        | |  2.8
Unarmed Combat | |  2.0
Spellcasting   | |  2.3
Translocations | |  3.2

Action                     |  1- 3 |  4- 6 || total
---------------------------+-------+-------++-------
  Melee: Unarmed           |    17 |       ||    17
         Constrict         |    26 |    20 ||    46
         Tentacles         |    18 |    15 ||    33
         Punch             |     4 |     3 ||     7
         Dagger            |    22 |       ||    22
         Whip              |    53 |    69 ||   122
  Throw: Dart              |       |     1 ||     1
   Cast: Blink             |       |     1 ||     1
    Use: Potion            |       |     2 ||     2
   Stab: Sleeping          |     6 |     8 ||    14
 Armour: Skin              |    12 |     5 ||    17
  Dodge: Dodged            |    51 |    48 ||    99
  Block: Buckler           |     9 |    13 ||    22

Table legend: (Time is in decaauts)
 A = Elapsed time spent in this place.
 B = Non-inter-level travel time spent in this place.
 C = Inter-level travel time spent in this place.
 D = Time resting spent in this place.
 E = Time spent auto-exploring this place.
 F = Levels seen in this place.
 G = Mean time per level.
                   A        B        C        D        E       F      G
               +--------+--------+--------+--------+--------+-----+--------+
         Total |   2605 |   2553 |     52 |     13 |   1998 |   4 |  651.2 |
       Dungeon |   2605 |   2553 |     52 |     13 |   1998 |   4 |  651.2 |
               +--------+--------+--------+--------+--------+-----+--------+

Top non-repeatable levels by time:
     D:3: 972 daAuts
     D:2: 858 daAuts
     D:1: 749 daAuts
     D:4: 24 daAuts
